 Dungeon Crawl Stone Soup version 0.31-a0-240-gb923e448b6 (webtiles) character file.

Game seed: 11726893638021787705

2892 Essalna the Trooper (level 9, -8/72 HPs)
             Began as a Demonspawn Shapeshifter on July 12, 2023.
             Mangled by an ogre
             ... wielding a +0 glaive
              (12 damage)
             ... in a bailey.
             The game lasted 00:13:59 (6686 turns).

Essalna the Trooper (Demonspawn Shapeshifter)       Turns: 6686, Time: 00:14:00

Health: -8/72      AC:  5    Str: 16    XL:     9   Next: 48%
Magic:  9/9        EV: 15    Int:  9    God:
Gold:   467        SH:  4    Dex: 18    Spells: 8/8 levels left

rFire   . .          .
                       - Unarmed
rCold   . . .        (no shield)
rNeg    . . .        a - +1 animal skin
rPois   .            (helmet currently unavailable)
rElec   .            (cloak currently unavailable)
rCorr   .            (gloves currently unavailable)
SInv    .            (boots currently unavailable)
Will    .....        (no amulet)
Stlth   +            (no ring)
HPRegen 0.32/turn    (no ring)
MPRegen 0.11/turn

%: no passive effects
@: mighty, beast-form, invisible, very slow
A: beast (slay +4), claws 2, sharp scales 2, condensation shield
a: no special abilities


You were in a bailey.
You were a hulking beast.
You visited 1 branch of the dungeon, and saw 7 of its levels.
You also visited: Sewer and Bailey.

You collected 467 gold pieces.

Inventory:

Missiles
 q - a throwing net
Armour
 a - a +1 animal skin (worn)
 w - a scarf of resistance
Talismans
 c - a beast talisman
Wands
 s - a wand of mindburst (4)
 v - a wand of iceblast (6)
Scrolls
 h - a scroll of fog
 k - a scroll of identify
 o - a scroll of fear
 r - 4 scrolls of amnesia
Potions
 b - 3 potions of lignification
 e - 2 potions of invisibility
 f - a potion of magic
 g - a potion of enlightenment
 i - 3 potions of might
 j - a potion of curing
 l - a potion of resistance
 m - a potion of experience {unknown}
 x - a potion of brilliance {unknown}


   Skills:
 + Level 7.0 Fighting
 + Level 5.7 Dodging
 + Level 6.4 Unarmed Combat
 + Level 5.9 Shapeshifting


You had 8 spell levels left.
You didn't know any spells.
Your spell library contained the following spells:

 Spells                   Type           Power      Damage    Failure   Level
 Magic Dart               Conj           0%         1d3       38%         1
 Summon Small Mammal      Summ           0%         N/A       38%         1
 Searing Ray              Conj           0%         2d4       52%         2
 Call Canine Familiar     Summ           0%         N/A       77%         3
 Ozocubu's Armour         Ice            0%         N/A       77%         3
 Summon Guardian Golem    Hex/Summ       0%         N/A       77%         3
 Fulminant Prism          Conj/Hex       0%         3d5       99%         4
 Ozocubu's Refrigeration  Ice            0%         4d7       100%        7


Dungeon Overview and Level Annotations

Branches:
Dungeon (7/15)             Temple (0/1) D:7           Sewer (visited)
 Bailey (1/1)

Altars:
Cheibriados
Dithmenos
Vehumet
Xom
Yredelemnul

Annotations:
D:3 Terence
D:4 1 runed translucent door


Innate Abilities, Weirdness & Mutations

You are a hulking beast.
Your limbs bulge with bestial killing power. (Slay +4)
You have very sharp fingernails.
You are mostly covered in razor-sharp scales. (AC +2, Slay +2)
A meltable shield of frost defends you. (SH +4)


Message History

The ogre barely misses you.
The spriggan hits you from afar with a +0 spear!
Your Fighting skill increases to level 7!
Your unstable footing causes you to fumble your attack.
The spriggan closely misses you.
You completely miss the ogre.
The ogre is almost dead.
The ogre misses you.
The spriggan hits you from afar with a +0 spear!
You mangle the ogre!!
You kill the ogre!
You hear a splash.
An ogre comes into view. It is wielding a +0 halberd.
The spriggan misses you.
You see here a +0 halberd.
The ogre shouts!
You hear a shout!
The spriggan splashes around in the water.
The ogre barely misses you.
You hear a shout! x2; You hear an angry hiss.
You hear two shouts!
You block the spriggan's attack. The ogre closely misses you.
You block the spriggan's attack.
You enter the shallow water.
Moving in this stuff is going to be slow.
The spriggan splashes around in the water.
The ogre closely misses you.
The spriggan splashes around in the water.
The ogre closely misses you.
The ogre hits you from afar with a +0 glaive!
You block the spriggan's attack.
You see here a +0 halberd.
You closely miss the spriggan. The ogre barely misses you.
The spriggan closely misses you.
Your unstable footing causes you to fumble your attack.
The ogre hits you from afar with a +0 glaive!!
* * * LOW HITPOINT WARNING * * *
You fade into invisibility!
The spriggan misses you. The ogre barely misses you.
The ogre hits you from afar with a +0 glaive!
You die...

#..# ♣#..#
##..## .#
#♣..##
..####♣♣#..##
#.........##
#.......##
##~~O~~##
#~~Oih#
###~~~)~###
##.........##
##...........##
#....∩...∩....#
##...........##
##.........##
###.....###
#######


You could see 2 ogres and a spriggan.

Vanquished Creatures
  A two-headed ogre (D:7)
  Grinder (D:4)
  Eustachio (D:6)
  6 ogres
  An ice beast (D:4)
  2 centaurs
  A kobold brigand (Sewer)
  A bullfrog (D:7)
  A scorpion (D:5)
  A wight (D:7)
  2 quasits (Sewer)
  6 hounds
  A jelly (D:5)
  6 orc priests
  4 iguanas
  A sleepcap (D:7)
  4 orc wizards
  7 gnolls (D:5)
  6 adders
  4 shadow imps (Sewer)
  3 white imps
  An ufetubus (Sewer)
  4 worms
  3 dart slugs
  20 orcs
  2 bat zombies (Sewer)
  5 endoplasms
  3 giant cockroaches
  5 goblins
  7 hobgoblins
  3 jackals (D:1)
  28 kobolds
  2 quokkas (D:1)
  10 ball pythons
  7 bats
  A frilled lizard (D:1)
  A kobold zombie (D:4)
  10 rats
172 creatures vanquished.

Vanquished Creatures (others)
  A kobold zombie (Sewer)
1 creature vanquished.

Grand Total: 173 creatures vanquished

Notes
Turn   | Place    | Note
-------+----------+-------------------------------------------
     0 | D:1      | Essalna the Demonspawn Shapeshifter began the quest for the
                  | Orb.
     0 | D:1      | Reached XP level 1. HP: 16/16 MP: 1/1
   211 | D:1      | Gained mutation: You have sharp fingernails. [demonic
                  | ancestry]
   211 | D:1      | Reached XP level 2. HP: 12/22 MP: 2/2
   679 | D:1      | Found a faded altar of an unknown god.
   898 | D:2      | Gained mutation: You are partially covered in razor-sharp
                  | scales. (AC +1, Slay +1) [demonic ancestry]
   898 | D:2      | Reached XP level 3. HP: 28/28 MP: 3/3
  1686 | D:3      | Reached skill level 3 in Fighting
  1828 | D:3      | Reached XP level 4. HP: 35/35 MP: 4/4
  1836 | D:3      | Noticed Terence
  2512 | D:3      | Noticed an ogre
  2523 | D:3      | Killed an ogre
  2524 | D:3      | Reached XP level 5. HP: 26/41 MP: 5/5
  2605 | D:4      | Noticed Grinder
  2611 | D:4      | Noticed an ogre
  2613 | D:4      | Paralysed by Grinder for 3 turns
  2655 | D:4      | Found a radiant altar of Vehumet.
  2663 | D:4      | Found the +5 woodcutter's axe
  2816 | D:4      | Found a glowing drain.
  2825 | Sewer    | Entered a sewer
  2995 | Sewer    | Found a burning altar of Makhleb.
  3005 | Sewer    | Gained mutation: You are mostly covered in razor-sharp
                  | scales. (AC +2, Slay +2) [demonic ancestry]
  3005 | Sewer    | Reached XP level 6. HP: 42/48 MP: 6/6
  3046 | Sewer    | Reached skill level 4 in Fighting
  3078 | Sewer    | Identified the +7 whip of Objectivity {elec, rElec Str+2
                  | Int+3}
  3390 | D:4      | Noticed an ice beast
  3407 | D:4      | Killed an ice beast
  3518 | D:4      | Gained mutation: You have very sharp fingernails. [demonic
                  | ancestry]
  3518 | D:4      | Reached XP level 7. HP: 21/55 MP: 7/7
  3672 | D:4      | Killed Grinder
  3909 | D:4      | Found a runed translucent door.
  3909 | D:4      | Noticed a human
  3915 | D:4      | Found a basalt altar of Yredelemnul.
  4138 | D:4      | Reached skill level 5 in Fighting
  4190 | D:5      | Entered Level 5 of the Dungeon
  4400 | D:5      | Reached XP level 8. HP: 53/62 MP: 8/8
  4706 | D:5      | Found a shadowy altar of Dithmenos.
  5064 | D:6      | Reached skill level 5 in Unarmed Combat
  5388 | D:6      | Noticed Eustachio
  5422 | D:6      | Killed Eustachio
  5423 | D:6      | Reached skill level 5 in Shapeshifting
  6031 | D:6      | Reached skill level 6 in Fighting
  6107 | D:7      | Noticed a two-headed ogre
  6109 | D:7      | Noticed a two-headed ogre
  6114 | D:7      | Noticed a gargoyle
  6114 | D:7      | Found the +6 shillelagh "Devastator" {shatter}
  6390 | D:7      | Found a snail-covered altar of Cheibriados.
  6392 | D:7      | Found a shimmering altar of Xom.
  6472 | D:7      | Reached skill level 5 in Dodging
  6472 | D:7      | Gained mutation: A meltable shield of frost defends you.
                  | (SH +4) [demonic ancestry]
  6472 | D:7      | Reached XP level 9. HP: 20/71 MP: 9/9
  6480 | D:7      | Found a staircase to the Ecumenical Temple.
  6508 | D:7      | Killed a two-headed ogre
  6550 | D:7      | Found a flagged portal.
  6559 | Bailey   | Entered a bailey
  6676 | Bailey   | Reached skill level 7 in Fighting
  6686 | Bailey   | Mangled by an ogre

Illustrated notes

Levels and vault maps discovered:
D:1:      minmay_arrival_diagonal_passages, layout_basic,
          chequers_ecumenical_altar_twisty, minivault_26
D:2:      layout_basic
D:3:      layout_basic, uniq_terence
D:4:      layout_cave_pools, kennysheep_mini, dk_yredelemnul_ordeal,
          serial_co_window_serial, co_window_paths_a, co_window_paths_a,
          co_window_paths_a, co_window_paths_a, co_window_paths_a,
          co_window_corner_a, co_window_paths_a, co_window_unsneaky_path_a,
          co_window_of_opportunity_c, co_window_broadway_a, co_window_cross_3,
          co_window_2corner, glass_columns_c, glass_columns_c, glass_columns_a,
          glass_columns_b, glass_columns_a, portal_sewer_entry_e,
          minmay_misc_feat_doors, uniq_grinder
D:5:      layout_rooms, mainiacjoe_overflow_alcove_2,
          chequers_serial_rivers_micro_a, eino_tiny_chamber
D:6:      layout_cave_pools, uniq_eustachio
D:7:      layout_rooms, jmf_multi_god_temple, minmay_temple_entry_wispy,
          enter_bailey_2, dilly_guarded_unrand_devastator
Bailey:   bailey_polearm_enchanted_keep_hellmonk, bailey

Skill      XL: |  1  2  3  4  5  6  7  8  9 |
---------------+----------------------------+-----
Unarmed Combat | 2 3 4 5 6 |  6.4
Shapeshifting  | 3 4 5 |  5.9
Fighting       | 3 4 5 6 7 |  7.0
Dodging        | 2 3 5 |  5.7

Action                     |  1- 3 |  4- 6 |  7- 9 || total
---------------------------+-------+-------+-------++-------
  Melee: Unarmed           |    92 |   145 |   194 ||   431
         Punch             |     4 |     4 |    10 ||    18
  Evoke: Wand              |       |       |     8 ||     8
    Use: Scroll            |     4 |     3 |    10 ||    17
         Potion            |       |       |     6 ||     6
   Stab: Distracted        |       |     1 |       ||     1
         Sleeping          |       |     1 |     1 ||     2
 Armour: Animal skin       |    16 |    41 |    42 ||    99
  Dodge: Dodged            |    54 |   104 |   184 ||   342
  Block: Other             |       |       |     6 ||     6
         Form:             |       |       |     2 ||     2
         Beast             |       |       |     2 ||     2

Table legend: (Time is in decaauts)
 A = Elapsed time spent in this place.
 B = Non-inter-level travel time spent in this place.
 C = Inter-level travel time spent in this place.
 D = Time resting spent in this place.
 E = Time spent auto-exploring this place.
 F = Levels seen in this place.
 G = Mean time per level.
                   A        B        C        D        E       F      G
               +--------+--------+--------+--------+--------+-----+--------+
         Total |   6676 |   6241 |    435 |    149 |   4832 |   9 |  741.8 |
       Dungeon |   6027 |   5592 |    435 |    149 |   4378 |   7 |  861.0 |
         Sewer |    517 |    517 |      0 |      0 |    361 |   1 |  517.0 |
        Bailey |    131 |    131 |      0 |      0 |     91 |   1 |  131.0 |
               +--------+--------+--------+--------+--------+-----+--------+

Top non-repeatable levels by time:
     D:6: 1248 daAuts
     D:4: 1066 daAuts
     D:3: 983 daAuts
     D:2: 821 daAuts
     D:1: 801 daAuts
     D:5: 788 daAuts
   Sewer: 517 daAuts
     D:7: 318 daAuts
  Bailey: 131 daAuts
